 Dungeon Crawl Stone Soup version 0.21.0-25-ge575cb9 (webtiles) character file.

576 Calypsia the Sneak (level 7, -4/32 HPs)
             Began as a Spriggan Enchanter on Jan 23, 2018.
             Splashed by a jelly's acid (5 damage)
             ... on level 5 of the Dungeon.
             The game lasted 00:10:19 (4783 turns).

Calypsia the Sneak (Spriggan Enchanter)             Turns: 4783, Time: 00:10:20

Health: -4/32      AC: -2    Str:  9    XL:     7   Next: 12%
Magic:  1/14       EV: 21    Int: 18    God:
Gold:   236        SH:  0    Dex: 17    Spells: 9/15 levels left

rFire    . . .     SeeInvis +   a - +1 dagger
rCold    . . .     Gourm    .   (shield restricted)
rNeg     . . .     Faith    .   b - +0 robe
rPois    .         Spirit   .   (helmet restricted)
rElec    .         Reflect  .   (no cloak)
rCorr    .         Harm     .   (gloves unavailable)
MR       +....                  (boots unavailable)
Stlth    +++.......             (no amulet)
HPRegen  0.10/turn              p - +5 ring of strength
MPRegen  0.14/turn              (no ring)

@: corroded, starving, very quick
A: very small, unfitting armour, see invisible, herbivore, speed 3, slow
metabolism 2
a: no special abilities


You were on level 5 of the Dungeon.
You were starving.

You visited 2 branches of the dungeon, and saw 6 of its levels.

You collected 236 gold pieces.

Inventory:

Hand Weapons
 a - a +1 dagger (weapon)
Armour
 b - a +0 robe (worn)
Jewellery
 p - a +5 ring of strength (left hand)
 q - an uncursed ring of wizardry {unknown}
 r - an uncursed amulet of magic regeneration {unknown}
Wands
 f - a wand of scattershot (6)
Scrolls
 g - a scroll of enchant weapon {unknown}
 h - 2 scrolls of identify
 i - 2 scrolls of teleportation
 l - 2 scrolls of remove curse
 n - a scroll of fog {unknown}
Potions
 e - 2 potions of ambrosia {unknown}
 j - a potion of agility {unknown}
 k - a potion of cancellation {unknown}
 m - a potion of curing
 o - 3 potions of brilliance {unknown}
 s - a potion of lignification {unknown}
 t - a potion of flight {unknown}
 u - a potion of haste {unknown}
 v - a potion of heal wounds
 w - a potion of degeneration {unknown}
Books
 c - a book of Maledictions

   Spells                             Type                      Level
   a - Corona                         Hexes                        1
   b - Ensorcelled Hibernation        Hexes/Ice                    2
   c - Confuse                        Hexes                        3
   d - Tukima's Dance                 Hexes                        3
   e - Dazzling Spray                 Conjuration/Hexes            3
 x - a book of Cantrips

   Spells                             Type                      Level
   a - Confusing Touch                Hexes                        1
   b - Animate Skeleton               Necromancy                   1
   c - Summon Small Mammal            Summoning                    1
   d - Apportation                    Translocation                1
Comestibles
 d - 7 rations


   Skills:
 * Level 4.8 Short Blades
 + Level 5.4 Dodging
 + Level 6.3 Stealth
 + Level 4.5 Spellcasting
 + Level 5.2 Hexes


You had 9 spell levels left.
You knew the following spells:

 Your Spells              Type           Power        Failure   Level  Hunger
a - Confuse               Hex            ###.....     4%          3    ###....
b - Ensorcelled Hibernat  Hex/Ice        ##....       7%          2    #......
c - Corona                Hex            ###....      1%          1    None


Dungeon Overview and Level Annotations

Branches:
Dungeon (5/15)             Temple (1/1) D:5

Altars:
Ashenzari
Cheibriados
Dithmenos
Elyvilon
Fedhas
Hepliaklqana
Kikubaaqudgha
Makhleb
Nemelex Xobeh
Qazlal
Ru
Uskayaw
Vehumet
Xom
Zin
The Shining One

Shops:
D:4 =


Innate Abilities, Weirdness & Mutations

You are very small and have problems with some larger weapons.
You are too small for most types of armour.
You have supernaturally acute eyesight. (SInv)
You are a herbivore.
You cover ground extremely quickly.
You need consume almost no food.


Message History

You hit the jelly.
Your hands burn!
The jelly is moderately wounded.
You hit the jelly.
Your hands burn!
The jelly is heavily wounded.
You hit the jelly.
Your hands burn!
* * * LOW HITPOINT WARNING * * *
The jelly is severely wounded.
The jelly completely misses you.
You hit the jelly.
Your hands burn!
* * * LOW HITPOINT WARNING * * *
The jelly is severely wounded.
You hit the jelly but do no damage.
Your hands burn!
* * * LOW HITPOINT WARNING * * *
The jelly is severely wounded.
You hit the jelly.
Your hands burn!
* * * LOW HITPOINT WARNING * * *
The jelly is almost dead.
You are starving!
You hit the jelly.
Your hands burn!
You die...

#......≈≈≈≈≈......#
#.................#
#........####.#####
#.........# #.#
#.......#.# #.#
#.>.....#.# #.#
..#+######.# #.#
... ###.###.# .#
#.@.....# #J#.#####
#.#.....# #.#.###.#
#.#.# #.### #. #.


You could see a jelly (confused).

Vanquished Creatures
  2 ogres (D:4)
  A hound (D:3)
  2 orc priests (D:3)
  An iguana (D:5)
  An orc wizard (D:3)
  2 worker ants (D:4)
  A hound skeleton (D:4)
  A hound zombie (D:4)
  3 gnolls (D:4)
  7 adders
  3 oozes
  An adder skeleton (D:4)
  3 worms (D:3)
  A dart slug (D:5)
  3 leopard geckos
  11 orcs
  3 ball pythons
  2 bats
  4 giant cockroaches
  8 goblins
  2 hobgoblins
  4 jackals (D:1)
  8 kobolds
  3 quokkas
  6 frilled lizards
  A jackal skeleton (D:4)
  3 rats
87 creatures vanquished.

Notes
Turn   | Place    | Note
-------+----------+-------------------------------------------
     0 | D:1      | Calypsia the Spriggan Enchanter began the quest for the Orb.
     0 | D:1      | Reached XP level 1. HP: 9/9 MP: 5/5
   166 | D:1      | Reached XP level 2. HP: 9/13 MP: 6/6
   170 | D:1      | Learned a level 2 spell: Ensorcelled Hibernation
  1226 | D:2      | Reached XP level 3. HP: 16/16 MP: 5/8
  1806 | D:3      | Reached skill level 5 in Stealth
  1884 | D:3      | Reached XP level 4. HP: 21/21 MP: 6/9
  1972 | D:3      | Learned a level 3 spell: Confuse
  2604 | D:3      | Reached XP level 5. HP: 24/24 MP: 6/11
  3194 | D:4      | Found Amugumid's Jewellery Boutique.
  3370 | D:4      | Noticed an ogre
  3387 | D:4      | Killed an ogre
  3387 | D:4      | Reached XP level 6. HP: 28/28 MP: 5/13
  3692 | D:4      | Reached skill level 5 in Dodging
  3692 | D:4      | Reached skill level 6 in Stealth
  3692 | D:4      | Reached skill level 5 in Hexes
  4155 | D:4      | Reached XP level 7. HP: 32/32 MP: 11/14
  4400 | D:5      | Entered Level 5 of the Dungeon
  4547 | D:5      | Found a staircase to the Ecumenical Temple.
  4581 | Temple   | Entered the Ecumenical Temple
  4782 | D:5      | HP: 1/32 [acid (3)]
  4783 | D:5      | Splashed by a jelly's acid

Skill      XL: |  1  2  3  4  5  6 |
---------------+-------------------+-----
Spellcasting   | 3 4 |  4.5
Short Blades   | 2 3 4 |  4.8
Hexes          | 4 5 |  5.2
Stealth        | 5 6 |  6.3
Dodging        | 4 5 |  5.4

Action                   |  1- 3 |  4- 6 |  7- 9 || total
-------------------------+-------+-------+-------++-------
Melee: Dagger            |   103 |   118 |    21 ||   242
 Cast: Ensorcelled Hiber |    27 |    60 |     5 ||    92
       Confuse           |       |     2 |     4 ||     6
       Corona            |       |     1 |       ||     1
  Use: Scroll            |     3 |     1 |       ||     4
       Potion            |       |     2 |       ||     2
 Stab: Sleeping          |    24 |    33 |     6 ||    63
       Distracted        |       |     1 |       ||     1
       Confused          |       |     1 |       ||     1
  Eat: Ration            |       |     2 |       ||     2
Armor: Robe              |     8 |     7 |       ||    15
Dodge: Dodged            |   107 |   103 |     7 ||   217
